 Dungeon Crawl Stone Soup version 0.29.1-15-g9cfb28693d (webtiles) character file.

Game seed: 6178190115392608421

2 dudediamond6 the Covered (level 1, -1/13 HPs)
             Began as a Human Wanderer on Mar 1, 2023.
             Frozen to death by an endoplasm (5 damage)
             ... on level 1 of the Dungeon.
             The game lasted 00:00:39 (107 turns).

dudediamond6 the Covered (Human Wanderer)            Turns: 107, Time: 00:00:39

Health: -1/13      AC:  6    Str: 13    XL:     1   Next: 44%
Magic:  0/2        EV: 10    Int: 14    God:
Gold:   13         SH:  0    Dex:  9    Spells: 0/2 levels left

rFire   . . .      SeeInvis .   a - +0 club
rCold   . . .      Faith    .   (no shield)
rNeg    . . .      Spirit   .   c - +0 ring mail
rPois   .          Reflect  .   (no helmet)
rElec   .          Harm     .   (no cloak)
rCorr   .          Rampage  .   (no gloves)
Will    .....                   d - +0 pair of boots
Stlth   +.........              (no amulet)
HPRegen 0.04/turn               (no ring)
MPRegen 0.08/turn               (no ring)

@: no status effects
A: no striking features
a: no special abilities


You were on level 1 of the Dungeon.
You visited 1 branch of the dungeon, and saw 1 of its levels.

You collected 13 gold pieces.

Inventory:

Hand Weapons
 a - a +0 club (weapon)
Armour
 c - a +0 ring mail (worn)
 d - a +0 pair of boots (worn)
Scrolls
 e - a scroll of vulnerability {unknown}
Potions
 b - a potion of invisibility


   Skills:
 + Level 3.2 Armour
 + Level 1.0 Dodging
 + Level 2.0 Stealth
 + Level 1.0 Spellcasting
 + Level 2.0 Transmutations
 + Level 1.0 Fire Magic


You couldn't memorise any spells.
You knew the following spells:

 Your Spells              Type           Power      Damage    Failure   Level
a - Foxfire               Conj/Fire      8%         2x1d4     41%         1
b - Sting                 Tmut/Pois      12%        1d3       34%         1

Your spell library contained the following spells:

 Spells                   Type           Power      Damage    Failure   Level
 Passwall                 Tmut/Erth      2%         N/A       47%         2
 Ignite Poison            Fire/Tmut/Pois 3%         N/A       71%         3
 Petrify                  Tmut/Erth      3%         N/A       98%         4


Dungeon Overview and Level Annotations

Branches:
Dungeon (1/15)

Altars:


Message History

No target in view! 2 endoplasms come into view.
The endoplasm quivers.
The endoplasm quivers.
The endoplasm freezes you.
You are frozen.
You hit the endoplasm.
The endoplasm is moderately wounded.
The endoplasm freezes you.
You are frozen.
You barely miss the endoplasm.
The endoplasm is moderately wounded.
The endoplasm hits you but does no damage.
The endoplasm freezes you.
You are frozen.
You are too injured to fight recklessly!
You are too injured to fight recklessly!
Nothing quivered!
Cast which spell? (? or * to list)
You conjure some foxfire!
The endoplasm closely misses you.
The foxfire hits the endoplasm.
The endoplasm is heavily wounded.
The foxfire hits the endoplasm.
You kill the endoplasm!
Casting: Foxfire (safe; 41% risk of failure)
Confirm with . or Enter, or press ? or * to list all spells.
You conjure some foxfire!
The endoplasm completely misses you.
The foxfire hits the endoplasm but does no damage.
The endoplasm is heavily wounded.
The foxfire hits the endoplasm.
The endoplasm is almost dead.
You hit the endoplasm but do no damage.
The endoplasm is almost dead.
The endoplasm freezes you.
You are frozen.
You hit the endoplasm but do no damage.
The endoplasm is almost dead.
The endoplasm freezes you.
You are frozen.
You die...

...#.##.##.#...
...............
...##.#..###...
##.#..#
#.....######
#..##......#
#.. #.####.#
#..##.####
#.....J@.#
##.............
####$##.#..###
#.. ....#
#.##..#.# #.#
##. # #.# #.
#.. .#


You could see an endoplasm.

Vanquished Creatures
  2 endoplasms (D:1)
2 creatures vanquished.

Vanquished Creatures (others)
  3 foxfires (D:1)
3 creatures vanquished.

Grand Total: 5 creatures vanquished

Notes
Turn   | Place    | Note
-------+----------+-------------------------------------------
     0 | D:1      | dudediamond6 the Human Wanderer began the quest for the
                  | Orb.
     0 | D:1      | dudediamond6 set off with the following items: a +0 club, a
                  | potion of invisibility, a +0 ring mail; and the following
                  | spells available to memorise: Sting, Foxfire, Passwall,
                  | Ignite Poison, Petrify.
     0 | D:1      | Reached XP level 1. HP: 13/13 MP: 2/2
     2 | D:1      | Learned a level 1 spell: Foxfire
     4 | D:1      | Learned a level 1 spell: Sting
   107 | D:1      | Frozen to death by an endoplasm

Illustrated notes

Levels and vault maps discovered:
D:1:      onia_arrival_mini_spirals, layout_loops_cross,
          hellmonk_ecumenical_altar_watching_god

Action                   || total
-------------------------++-------
Melee: Club              ||     6
 Cast: Foxfire           ||     2
Armor: Ring mail         ||     1
Dodge: Dodged            ||     2
